 Dungeon Crawl Stone Soup version 0.26-a0-1205-g4083c211ab (webtiles) character file.

Game seed: 4888987281147580545

23 CurlyBrace the Sneak (level 2, 14/14 HPs)
             Began as a Felid Delver on Dec 29, 2020.
             Quit the game on level 6 of the Dungeon.
             The game lasted 00:00:10 (5 turns).

CurlyBrace the Sneak (Felid Delver)                    Turns: 5, Time: 00:00:10

Health: 14/14      AC:  1    Str:  8    XL:     2   Next: 72%
Magic:  3/3        EV: 18    Int: 11    God:
Gold:   0          SH:  0    Dex: 17    Spells: 1/1 levels left
                                        Lives:  0   Deaths: 0

rFire    . . .     SeeInvis +     - Unarmed
rCold    . . .     Faith    .   (shield unavailable)
rNeg     . . .     Spirit   .   (armour unavailable)
rPois    .         Reflect  .   (helmet unavailable)
rElec    .         Harm     .   (cloak unavailable)
rCorr    .         Rampage  .   (gloves unavailable)
Will     .....                  (boots unavailable)
Stlth    ++++......             (no amulet)
HPRegen  0.04/turn              (no ring)
MPRegen  0.08/turn              (no ring)

@: quick
A: very small, no armour, no weapons or thrown items, stealth, claws 1, fangs 3,
see invisible, speed 1, shaggy fur 1, sharp paws
a: no special abilities


You were on level 6 of the Dungeon.
You visited 1 branch of the dungeon, and saw 2 of its levels.

Inventory:

Wands
 v - a wand of digging (3)
Scrolls
 a - a scroll of fog
 c - a scroll of fear
Potions
 h - a potion of haste


   Skills:
 - Level 3.0 Fighting
 - Level 3.0 Dodging
 + Level 6.9 Stealth
 * Level 2.8 Unarmed Combat


You had one spell level left.
You didn't know any spells.
Your spell library was empty.

Dungeon Overview and Level Annotations

Branches:
Dungeon (6/15)
 Temple: D:4-7

Altars:


Innate Abilities, Weirdness & Mutations

You cannot wear armour.
You are incapable of wielding weapons or throwing items.
Your paws allow you to move quietly. (Stealth)
You have sharp claws.
You have razor-sharp teeth.
You have supernaturally acute eyesight. (SInv)
You cover ground quickly.
You are covered in fur. (AC +1)
Your sharp claws are effective at attacking unaware monsters.


Message History

Welcome, CurlyBrace the Felid Delver.
The bosom of this dungeon contains the fabulous artefact, the Orb of Zot.
Press ? for a list of commands and other information.
Found a scroll labelled GEISEK MOYLOU.
Found a stone staircase leading down.
You climb downwards.
A worker ant and a giant cockroach come into view.
Found a quarterstaff, 23 bolts and a scroll labelled GEISEK MOYLOU.
There is a stone staircase leading up here.
You pounce on the unaware helpless worker ant!
You mangle the worker ant!!
You kill the worker ant!
Training target 3.0 for Dodging reached!
Your Dodging skill increases to level 3!
You have reached level 2!
As you read the scroll of magic mapping, it crumbles to dust.
You feel aware of your surroundings.
Unknown command.
Unknown command.
Unknown command.
Are you sure you want to abandon this character and quit the game? (Confirm with "yes".)

*,,,,...?..,,.#B..# *,,*
********##.....##.#.#.#
**,, ,,,*
**..............* ***
,,,* **,,#..........#** *
,,,* *,,*#..........# *
,,,* *,**#..........## *
,,,***,* #.......)...#* *
,,,,*,,**######<...#..# *
***,,,,,........@....#***
* *,,,,,................*
********##........######*
,,,,,,,,.....(...##
********##########


There were no monsters in sight!

Vanquished Creatures
  A worker ant (D:6)
1 creature vanquished.

Notes
Turn   | Place    | Note
-------+----------+-------------------------------------------
     0 | D:5      | CurlyBrace the Felid Delver began the quest for the Orb.
     0 | D:5      | Reached XP level 1. HP: 10/10 MP: 2/2
     1 | D:6      | Noticed a worker ant
     3 | D:6      | Killed a worker ant
     4 | D:6      | Reached XP level 2. HP: 14/14 MP: 3/3
     5 | D:6      | Quit the game

Illustrated notes

Levels and vault maps discovered:
D:5:      layout_layer_cave, amethyst_overflow_temple_binary,
          minmay_temple_entry_fiery, hangedman_minor_gate_pass
D:6:      layout_rooms, minmay_large_rounded_square, uniq_eustachio

Skill      XL: |  1 |
---------------+----+-----
Dodging        | 3 |  3.0
Fighting       | |  3.0
Stealth        | |  6.9
Unarmed Combat | |  2.8

Action                   || total
-------------------------++-------
Melee: Unarmed           ||     1
  Use: Scroll            ||     1
 Stab: Sleeping          ||     1

Table legend: (Time is in decaauts)
 A = Elapsed time spent in this place.
 B = Non-inter-level travel time spent in this place.
 C = Inter-level travel time spent in this place.
 D = Time resting spent in this place.
 E = Time spent auto-exploring this place.
 F = Levels seen in this place.
 G = Mean time per level.
                   A        B        C        D        E       F      G
               +--------+--------+--------+--------+--------+-----+--------+
         Total |      4 |      4 |      0 |      0 |      0 |   2 |    2.0 |
       Dungeon |      4 |      4 |      0 |      0 |      0 |   2 |    2.0 |
               +--------+--------+--------+--------+--------+-----+--------+

Top non-repeatable levels by time:
     D:6: 3 daAuts
     D:5: 1 daAuts
